 Dungeon Crawl Stone Soup version 0.30-a0-377-g5cb311bc9f (webtiles) character file.

Game seed: 1816770512955058878

18 whiskeysaurus the Conjurer (level 2, -1/19 HPs)
             Began as a Human Conjurer on Nov 27, 2022.
             Slain by a jackal (3 damage)
             ... on level 1 of the Dungeon.
             The game lasted 00:02:27 (665 turns).

whiskeysaurus the Conjurer (Human Conjurer)          Turns: 665, Time: 00:02:29

Health: -1/19      AC:  2    Str:  7    XL:     2   Next: 85%
Magic:  0/5        EV: 12    Int: 18    God:
Gold:   26         SH:  0    Dex: 11    Spells: 4/5 levels left

rFire   . . .      SeeInvis .    (no weapon)
rCold   . . .      Faith    .    (no shield)
rNeg    . . .      Spirit   .    a - +0 robe
rPois   .          Reflect  .    (no helmet)
rElec   .          Harm     .    (no cloak)
rCorr   .          Rampage  .    (no gloves)
Will    .....                    (no boots)
Stlth   ++........               (no amulet)
HPRegen 0.23/turn                (no ring)
MPRegen 0.09/turn                (no ring)

@: no status effects
A: no striking features
a: no special abilities


You were on level 1 of the Dungeon.
You visited 1 branch of the dungeon, and saw 2 of its levels.

You collected 26 gold pieces.

Inventory:

Armour
 a - a +0 robe (worn)
Potions
 b - a potion of magic


   Skills:
 + Level 2.2 Dodging
 + Level 2.3 Stealth
 + Level 2.1 Spellcasting
 * Level 4.2 Conjurations
 + Level 0.5 Hexes


You had 4 spell levels left.
You knew the following spells:

 Your Spells              Type           Power      Damage    Failure   Level
a - Magic Dart            Conj           68%        1d6       3%          1

Your spell library contained the following spells:

 Spells                   Type           Power      Damage    Failure   Level
 Searing Ray              Conj           34%        2d5       4%          2
 Dazzling Flash           Conj/Hex       20%        N/A       21%         3
 Fulminant Prism          Conj/Hex       5%         3d7       54%         4
 Iskenderun's Mystic Bla  Conj/Tloc      9%         2d4       58%         4


Dungeon Overview and Level Annotations

Branches:
Dungeon (2/15)

Altars:


Message History

The jackal barely misses you. The jackal closely misses you.
The jackal bites you but does no damage.
The jackal closely misses you.
The magic dart hits the jackal but does no damage.
The jackal barely misses you. The jackal bites you.
The magic dart hits the jackal.
You kill the jackal!
The magic dart hits the hobgoblin.
The hobgoblin is severely wounded.
The hobgoblin hits you.
The magic dart hits the hobgoblin.
You kill the hobgoblin!
The jackal bites you.
You are out of magic!
You are out of magic!
You are out of magic!
You closely miss the jackal. The jackal barely misses you.
You barely miss the jackal. The jackal bites you. x2
The jackal attacks as you move away! The jackal bites you.
The jackal attacks as you move away! The jackal bites you.
* * * LOW HITPOINT WARNING * * *
The jackal bites you but does no damage.
The jackal bites you.
* * * LOW HITPOINT WARNING * * *
The dart slug barely misses you.
Things that are here:
9 gold pieces; a jackal corpse The jackal bites you.
* * * LOW HITPOINT WARNING * * *
You are too injured to fight recklessly!
Casting: Magic Dart (safe; 3% risk of failure)
Confirm with . or Enter, or press ? or * to list all spells.
Aiming: Magic Dart (safe; 3% risk of failure)
Press: ? - help, Shift-Dir - straight line, f - jackal
Aim: a jackal (100% to hit)
The magic dart hits the jackal.
The jackal is almost dead.
The jackal bites you.
You die...

# #..# #.##.#.# #
#..####.##K#.# #
#..h.......#.# #
#...###.####.# #
###.# #.# #.### #
#.###.## #...# #
#.##..รท###...# #
#.##.#.......# #
#)##...##@#.## #####
#.#######h#.#
#...####.......w.#.#
h..................#
.....###.####>######
#.# .#.......# #.#
#.# ##.#####.#
#.####### #.# #.#
#.# #...K...# #.#
##.# #.# #######.#
#.#


You could see a dart slug and a jackal.

Vanquished Creatures
  A dart slug (D:1)
  2 bats (D:1)
  An endoplasm (D:1)
  2 goblins (D:1)
  A hobgoblin (D:1)
  3 jackals
  2 ball pythons (D:1)
  A kobold (D:1)
  2 rats (D:1)
15 creatures vanquished.

Notes
Turn   | Place    | Note
-------+----------+-------------------------------------------
     0 | D:1      | whiskeysaurus the Human Conjurer began the quest for the
                  | Orb.
     0 | D:1      | Reached XP level 1. HP: 13/13 MP: 3/3
   276 | D:1      | Reached XP level 2. HP: 19/19 MP: 3/5
   665 | D:1      | Slain by a jackal

Illustrated notes

Levels and vault maps discovered:
D:1:      dpeg_arrival_court, layout_loops_ring
D:2:      layout_rooms, hex_medium, uniq_crazy_yiuf_cottage

Action                   || total
-------------------------++-------
Melee: Unarmed           ||     5
 Cast: Magic Dart        ||    35
Armor: Robe              ||    15
Dodge: Dodged            ||    48

Table legend: (Time is in decaauts)
 A = Elapsed time spent in this place.
 B = Non-inter-level travel time spent in this place.
 C = Inter-level travel time spent in this place.
 D = Time resting spent in this place.
 E = Time spent auto-exploring this place.
 F = Levels seen in this place.
 G = Mean time per level.
                   A        B        C        D        E       F      G
               +--------+--------+--------+--------+--------+-----+--------+
         Total |    665 |    665 |      0 |     58 |    416 |   2 |  332.5 |
       Dungeon |    665 |    665 |      0 |     58 |    416 |   2 |  332.5 |
               +--------+--------+--------+--------+--------+-----+--------+

Top non-repeatable levels by time:
     D:1: 600 daAuts
     D:2: 64 daAuts
